 Dungeon Crawl Stone Soup version 0.30-a0-585-g93115170b9 (webtiles) character file.

Game seed: 11781757140633264949

579 Citaku the Covered (level 7, 0/56 (61) HPs)
             Began as a Minotaur Fighter on Jan 1, 2023.
             Succumbed to an orc wizard's poison
             ... on level 5 of the Dungeon on Jan 2, 2023.
             The game lasted 00:12:50 (5091 turns).

Citaku the Covered (Minotaur Fighter)               Turns: 5091, Time: 00:12:50

HP:   0/56 (61)     AC:  8    Str: 21    XL:     7   Next: 13%
MP:   6/6           EV:  7    Int:  7    God:
Gold: 357           SH:  0    Dex:  9    Spells: 6/6 levels left

rFire   . . .      SeeInvis .    o - +2 long sword (vamp)
rCold   + . .      Faith    .    c - +0 buckler
rNeg    . . .      Spirit   .    j - +0 chain mail
rPois   .          Reflect  .    (helmet restricted)
rElec   .          Harm     .    (no cloak)
rCorr   .          Rampage  .    (no gloves)
Will    .....                    h - +1 pair of boots Stlth
                                 (no amulet)
HPRegen 0.29/turn                g - ring of protection from cold
MPRegen 0.10/turn                q - ring of wizardry

@: confused, lethally poisoned (0 -> -2), drained
A: horns 2, retaliatory headbutt, deformed body
a: no special abilities


You were on level 5 of the Dungeon.
You visited 1 branch of the dungeon, and saw 5 of its levels.

You collected 357 gold pieces.

Inventory:

Hand Weapons
 o - a +2 vampiric long sword (weapon)
Armour
 c - a +0 buckler (worn)
 h - a +1 pair of boots (worn)
 j - a +0 chain mail (worn)
Magical Staves
 m - a staff of conjuration
Jewellery
 g - a ring of protection from cold (left hand)
 q - a ring of wizardry (right hand)
 r - a ring of wizardry
Wands
 e - a wand of mindburst (8)
Scrolls
 a - a scroll of fear
 l - 6 scrolls of identify
Potions
 b - a potion of haste
 f - 2 potions of flight
 i - a potion of curing
 k - 2 potions of ambrosia {unknown}


   Skills:
 + Level 5.4 Fighting
 + Level 3.1 Long Blades
 + Level 5.0 Axes
 + Level 5.7 Armour
 + Level 1.5 Dodging
 + Level 0.6 Stealth
 + Level 4.6 Shields


You had 6 spell levels left.
You didn't know any spells.
Your spell library was empty.

Dungeon Overview and Level Annotations

Branches:
Dungeon (5/15)
 Temple: D:4-7

Altars:
Zin

Shops:
D:3 *   D:4 :


Innate Abilities, Weirdness & Mutations

You have a pair of horns on your head.
You reflexively headbutt those who attack you in melee.
Armour fits poorly on your strangely shaped body.


Message History

The orc hits you with a +0 mace.
You hear some strange, mumbled words.
You are confused.
You are too confused!
The orc attacks as you move away! The orc barely misses you.
You feel very sick. The orc wizard closely misses you.
You hear some strange, mumbled words.
Something tries to affect you, but you resist.
You're too confused to move!
* * * LOW HITPOINT WARNING * * *
You feel very sick.
The orc wizard points at you and mumbles some strange words.
You resist with some effort.
You hear some strange, mumbled words.
You are more confused.
You closely miss something.
Your surroundings suddenly seem different.
Found 23 gold pieces.
* * * LOW HITPOINT WARNING * * *
You feel very sick.
There is a lethal amount of poison in your body!
There is a lethal amount of poison in your body!
* * * LOW HITPOINT WARNING * * *
You feel sick.
You bump into the rock wall.
* * * LOW HITPOINT WARNING * * *
You feel sick.
* * * LOW HITPOINT WARNING * * *
You feel sick.
* * * LOW HITPOINT WARNING * * *
You feel sick.
You see here 13 gold pieces.
* * * LOW HITPOINT WARNING * * *
You feel sick.
* * * LOW HITPOINT WARNING * * *
You feel sick.
* * * LOW HITPOINT WARNING * * *
You feel sick.
You die...

##### ### ######
##...##...## #....#
##..........# #....#
.....{o...... #....#
#....o....... #....#
.............##....#
##..........##..$..#
##...##........@..#
##### ...###.....#
#####......#
#..###### #.# ### #$
..## .. .... .# ....


There were no monsters in sight!

Vanquished Creatures
  An ogre (D:5)
  A centaur (D:5)
  A phantom (D:5)
  A howler monkey (D:4)
  A hound (D:5)
  A jelly (D:4)
  An orc priest (D:3)
  An iguana (D:5)
  Ijyb (D:3)
  An orc wizard (D:3)
  6 adders
  A white imp (D:5)
  A dart slug (D:1)
  2 worms (D:2)
  3 orcs
  3 bats
  7 endoplasms
  3 giant cockroaches (D:2)
  13 goblins
  4 hobgoblins
  3 jackals (D:3)
  3 quokkas
  6 ball pythons
  A frilled lizard (D:3)
  4 kobolds
  2 rats
72 creatures vanquished.

Vanquished Creatures (others)
  A plant (D:1)
1 creature vanquished.

Grand Total: 73 creatures vanquished

Notes
Turn   | Place    | Note
-------+----------+-------------------------------------------
     0 | D:1      | Citaku the Minotaur Fighter began the quest for the Orb.
     0 | D:1      | Reached XP level 1. HP: 19/19 MP: 0/0
   162 | D:1      | Reached XP level 2. HP: 22/27 MP: 1/1
   832 | D:1      | Gained mutation: Armour fits poorly on your strangely
                  | shaped body. [potion of mutation]
  1356 | D:2      | Reached XP level 3. HP: 22/33 MP: 2/2
  1443 | D:2      | You fall into a shaft and drop 2 floors!
  1599 | D:4      | Reached XP level 4. HP: 19/40 MP: 3/3
  1831 | D:4      | Found Yjunib's Book Shoppe.
  2130 | D:4      | Reached skill level 1 in Dodging
  2532 | D:3      | Reached XP level 5. HP: 16/47 MP: 4/4
  2893 | D:3      | Noticed Ijyb
  2912 | D:3      | Killed Ijyb
  2913 | D:3      | Reached skill level 5 in Armour
  3184 | D:3      | Found Zin's Purification Station.
  3185 | D:3      | Found a glowing silver altar of Zin.
  4318 | D:2      | Reached XP level 6. HP: 46/53 MP: 5/5
  4478 | D:5      | Entered Level 5 of the Dungeon
  4488 | D:5      | Reached skill level 1 in Long Blades
  4538 | D:5      | Reached skill level 5 in Fighting
  4752 | D:5      | Reached skill level 5 in Axes
  4907 | D:5      | Reached XP level 7. HP: 17/61 MP: 6/6
  5088 | D:5      | HP: 2/56 [poisoned by an orc wizard]
  5091 | D:5      | Succumbed to an orc wizard's poison

Illustrated notes

Levels and vault maps discovered:
D:1:      sevenhm_arrival_forest_fort_small_4, layout_loops_ring
D:2:      layout_loops_cross
D:3:      kennysheep_goblin_castle, layout_basic, zin_purify
D:4:      layout_loops_ring, serial_shops, nicolae_shop_hallway_stairs
D:5:      layout_rooms, minmay_misc_feat_more_columns

Skill      XL: |  1  2  3  4  5  6 |
---------------+-------------------+-----
Shields        | 4 |  4.6
Armour         | 4 5 |  5.7
Fighting       | 4 5 |  5.4
Axes           | 3 4 5 |  5.0
Dodging        | 1 |  1.5
Long Blades    | 3 |  3.1
Stealth        | |  0.6

Action                   |  1- 3 |  4- 6 |  7- 9 || total
-------------------------+-------+-------+-------++-------
Melee: War axe           |    57 |    84 |       ||   141
       Headbutt          |     4 |    12 |       ||    16
       Long sword        |       |    42 |     7 ||    49
  Use: Scroll            |     4 |     7 |     1 ||    12
       Potion            |     2 |    10 |       ||    12
Armor: Scale mail        |    19 |       |       ||    19
       Chain mail        |       |    69 |     7 ||    76
Dodge: Dodged            |    31 |    65 |    10 ||   106
Block: Buckler           |    13 |    33 |     1 ||    47

Table legend: (Time is in decaauts)
 A = Elapsed time spent in this place.
 B = Non-inter-level travel time spent in this place.
 C = Inter-level travel time spent in this place.
 D = Time resting spent in this place.
 E = Time spent auto-exploring this place.
 F = Levels seen in this place.
 G = Mean time per level.
                   A        B        C        D        E       F      G
               +--------+--------+--------+--------+--------+-----+--------+
         Total |   5149 |   5149 |      0 |   1494 |   1137 |   5 | 1029.8 |
       Dungeon |   5149 |   5149 |      0 |   1494 |   1137 |   5 | 1029.8 |
               +--------+--------+--------+--------+--------+-----+--------+

Top non-repeatable levels by time:
     D:1: 1374 daAuts
     D:3: 1373 daAuts
     D:4: 1025 daAuts
     D:2: 751 daAuts
     D:5: 625 daAuts
